 Dungeon Crawl Stone Soup version 0.31-a0-1620-gcbf77bbcfc (webtiles) character file.

Game seed: 5900658685782673886

518 Laraso the Slasher (level 7, 57/57 HPs)
             Began as a Black Draconian Monk on Jan 11, 2024.
             Was a Believer of Makhleb.
             Quit the game on level 5 of the Dungeon.
             The game lasted 00:06:14 (4531 turns).

Laraso the Slasher (Black Draconian Monk)           Turns: 4531, Time: 00:06:14

Health: 57/57      AC:  7    Str: 13    XL:     7   Next: 1%
Magic:  7/7        EV: 13    Int:  8    God:    Makhleb [**....]
Gold:   62         SH:  0    Dex: 18    Spells: 6/6 levels left

rFire   . . .        a - +0 falchion
rCold   + . .        c - orb {light}
rNeg    . . .        (body armour unavailable)
rPois   .            (helmet restricted)
rElec   +            f - +0 cloak
rCorr   .            (no gloves)
SInv    .            (no boots)
Will    .....        s - amulet of Futsal {Faith Fly rC+ Int-3 Dex+3}
Stlth   +            (no ring)
HPRegen 0.29/turn    (no ring)
MPRegen 0.10/turn

%: faith
@: flying, glowing
A: breathe lightning, AC +6, unfitting armour, electricity resistance,
cold-blooded
a: Breathe Lightning, Renounce Religion, Minor Destruction


You were on level 5 of the Dungeon.
You worshipped Makhleb.
Makhleb was pleased with you.
You visited 2 branches of the dungeon, and saw 6 of its levels.

You collected 299 gold pieces.
You spent 237 gold pieces at shops.

Inventory:

Hand Weapons
 a - a +0 falchion (weapon)
Missiles
 h - 6 javelins (quivered)
Armour
 c - an orb of light (worn)
 f - a +0 cloak (worn)
Jewellery
 s - the amulet of Futsal (around neck) {Faith Fly rC+ Int-3 Dex+3}
   (You bought it in a shop on level 3 of the Dungeon)

   [amulet of faith]

   Faith:     It allows you to gain divine favour quickly.
   Int-3:     It affects your intelligence (-3).
   Dex+3:     It affects your dexterity (+3).
   rC+:       It protects you from cold.
   Fly:       It grants you flight.
Wands
 q - a wand of charming (9)
 u - a wand of digging (2)
Scrolls
 e - 4 scrolls of identify
 i - a scroll of blinking
 k - a scroll of enchant armour
 l - a scroll of enchant weapon
 r - a scroll of teleportation {unknown}
 t - a scroll of revelation {unknown}
Potions
 b - a potion of ambrosia
 d - a potion of curing
 g - a potion of attraction {unknown}
 j - 2 potions of haste {unknown}
 m - 3 potions of lignification
 n - 2 potions of resistance {unknown}
 o - 2 potions of heal wounds {unknown}
 p - a potion of magic {unknown}


   Skills:
 - Level 3.4 Fighting
 * Level 6.3 Long Blades
 - Level 4.0 Throwing
 - Level 2.8 Dodging


You had 6 spell levels left.
You didn't know any spells.
Your spell library contained the following spells:

 Spells                   Type           Power      Damage    Failure   Level
 Apportation              Tloc           0%         N/A       41%         1
 Slow                     Hex            0%         N/A       41%         1
 Sting                    Conj/Alch      0%         1d3       41%         1
 Jinxbite                 Hex            0%         N/A       54%         2
 Mercury Vapours          Alch/Air       0%         N/A       54%         2
 Confusing Touch          Hex            0%         N/A       78%         3
 Sigil of Binding         Hex            0%         N/A       78%         3
 Vampiric Draining        Necr           0%         2d6       78%         3
 Olgreb's Toxic Radiance  Alch           0%         N/A       99%         4
 Alistair's Intoxication  Alch           0%         N/A       100%        5


Dungeon Overview and Level Annotations

Branches:
Dungeon (5/15)             Temple (1/1) D:5

Altars:
Ashenzari
Dithmenos
Elyvilon
Fedhas
Gozag
Hepliaklqana
Makhleb
Qazlal
Ru
Sif Muna
Trog
Uskayaw
Vehumet
Xom
Yredelemnul
Zin

Shops:
D:3 *


Innate Abilities, Weirdness & Mutations

You can breathe wild blasts of lightning.
Your glossy black scales are hard. (AC +6)
You cannot fit into any form of body armour.
You are resistant to electric shocks. (rElec)
You are cold-blooded and may be slowed by cold attacks.


Message History

Makhleb welcomes you!
You can now gain health from killing.
You can now harness Makhleb's destructive might.
Your amulet flashes!
Found a sacrificial altar of Ru.
Found a radiant altar of Vehumet.
Found a shimmering altar of Xom and a stormy altar of Qazlal.
There is a staircase back to the Dungeon here.
You fly upwards.
Welcome back to the Dungeon!
There is a staircase to the Ecumenical Temple here.
There is an open door here.
You now have 30 gold pieces (gained 6).
Found a stone staircase leading down.
There is a stone staircase leading down here.
You now have 41 gold pieces (gained 11).
You now have 62 gold pieces (gained 21).
Found a stone staircase leading up.
You reach down and open the door.
There is an open door here.
A bombardier beetle comes into view.
Found a hand axe.
A bombardier beetle is nearby!
A bombardier beetle is nearby!
You hit the bombardier beetle.
The bombardier beetle is lightly wounded.
The bombardier beetle barely misses you.
You slash the bombardier beetle!
The bombardier beetle is heavily wounded.
The bombardier beetle completely misses you.
You slash the bombardier beetle!
The bombardier beetle is almost dead.
You slash the bombardier beetle!
You kill the bombardier beetle!
Makhleb accepts your kill.
You have reached level 7!
Your scales start taking on a glossy black colour.
You learn Air Magic much quicker.
You learn Earth Magic much slower.
You can breathe wild blasts of lightning.
You feel insulated.
Are you sure you want to abandon this character and quit the game? (Confirm with "yes".)

.# .# ##.## ##..).##
##+# #......## ##...##
#.†.....# ##.....##
#@....... ##.......##
##.....##.
##........<####.....##
.+.........'........#
##.........####...#.#
#.......## ##.##.#
##.....## #.# #
##...########..
##+#.......####


There were no monsters in sight!

Vanquished Creatures
  Edmund (D:4)
  2 bombardier beetles
  A sleepcap (D:5)
  Ijyb (D:4)
  4 orc wizards (D:5)
  7 adders
  A white imp (D:5)
  2 ufetubi (D:5)
  2 ribbon worms (D:3)
  14 orcs
  5 endoplasms
  4 giant cockroaches
  6 goblins
  6 hobgoblins
  2 jackals (D:2)
  5 kobolds
  3 quokkas
  14 ball pythons
  5 bats
  A frilled lizard (D:2)
  9 rats
95 creatures vanquished.

Notes
Turn   | Place    | Note
-------+----------+-------------------------------------------
     0 | D:1      | Laraso the Draconian Monk began the quest for the Orb.
     0 | D:1      | Reached XP level 1. HP: 19/19 MP: 1/1
   324 | D:1      | Reached XP level 2. HP: 26/26 MP: 2/2
  1176 | D:2      | Reached skill level 4 in Long Blades
  1176 | D:2      | Reached XP level 3. HP: 22/31 MP: 3/3
  1379 | D:2      | Found a faded altar of an unknown god.
  1923 | D:2      | Reached XP level 4. HP: 24/38 MP: 4/4
  2058 | D:3      | Reached skill level 5 in Long Blades
  2076 | D:3      | Reached skill level 1 in Throwing
  2241 | D:3      | Reached XP level 5. HP: 40/45 MP: 5/5
  2326 | D:3      | Found Otiseut's Assorted Antiques.
  2333 | D:3      | Bought a scroll of identify for 54 gold pieces
  2333 | D:3      | Bought a metallic sapphire potion for 24 gold pieces
  2333 | D:3      | Bought a metallic sapphire potion for 24 gold pieces
  2457 | D:3      | Found a hazy altar of Hepliaklqana.
  2853 | D:4      | Found a white marble altar of Elyvilon.
  2898 | D:4      | Noticed Edmund
  2917 | D:4      | Killed Edmund
  2918 | D:4      | Reached XP level 6. HP: 34/51 MP: 6/6
  3190 | D:4      | Noticed Ijyb
  3234 | D:4      | Killed Ijyb
  3452 | D:4      | Found a blossoming altar of Fedhas.
  3733 | D:5      | Entered Level 5 of the Dungeon
  3787 | D:3      | Bought a brightly glowing zirconium amulet for 135 gold
                  | pieces
  3787 | D:3      | Identified the amulet of Futsal {Faith Fly rC+ Int-3 Dex+3}
                  | (You bought it in a shop on level 3 of the Dungeon)
  4107 | D:5      | Found a shimmering blue altar of Sif Muna.
  4219 | D:5      | Reached skill level 6 in Long Blades
  4307 | D:5      | Found a staircase to the Ecumenical Temple.
  4376 | Temple   | Entered the Ecumenical Temple
  4395 | Temple   | Became a worshipper of Makhleb the Destroyer
  4395 | Temple   | Reached * piety under Makhleb
  4395 | Temple   | Reached ** piety under Makhleb
  4531 | D:5      | Your scales start taking on a glossy black colour.
  4531 | D:5      | Reached XP level 7. HP: 57/57 MP: 7/7
  4531 | D:5      | Gained mutation: You are resistant to electric shocks.
                  | (rElec) [Black Draconian growth]
  4531 | D:5      | Quit the game

Illustrated notes

Levels and vault maps discovered:
D:1:      minmay_arrival_loop, layout_basic, lemuel_flame_loot_1
D:2:      layout_loops_ring, dilly_ecumenical_altar_fadedgnrine, nicolae_titane
D:3:      layout_rooms, amcnicky_altar_gilded, serial_shops,
          nicolae_shop_overgrown_old_shop, serial_bayou_crossing
D:4:      layout_cave_pods, old_standard_altar, elyvilon_altar_5,
          minmay_strange_pillars, uniq_edmund, uniq_ijyb
D:5:      layout_loops_corners, lemuel_blue_sif_altar,
          nicolae_overflow_hidden_temple, temple_hall
Temple:   minmay_temple_bridge_abc

Skill      XL: |  1  2  3  4  5  6 |
---------------+-------------------+-----
Long Blades    | 4 5 6 |  6.3
Throwing       | 2 3 4 |  4.0
Fighting       | |  3.4
Dodging        | |  2.8

Action                     |  1- 3 |  4- 6 |  7- 9 || total
---------------------------+-------+-------+-------++-------
  Melee: Falchion          |   107 |   175 |       ||   282
         Tailslap          |    16 |    28 |       ||    44
  Throw: Javelin           |       |    10 |       ||    10
    Use: Scroll            |     1 |     4 |       ||     5
         Potion            |       |     1 |       ||     1
 Armour: Skin              |    54 |   120 |       ||   174
  Dodge: Dodged            |    70 |   122 |       ||   192

Table legend: (Time is in decaauts)
 A = Elapsed time spent in this place.
 B = Non-inter-level travel time spent in this place.
 C = Inter-level travel time spent in this place.
 D = Time resting spent in this place.
 E = Time spent auto-exploring this place.
 F = Levels seen in this place.
 G = Mean time per level.
                   A        B        C        D        E       F      G
               +--------+--------+--------+--------+--------+-----+--------+
         Total |   4568 |   4154 |    414 |    411 |   2993 |   6 |  761.3 |
       Dungeon |   4529 |   4151 |    378 |    411 |   2993 |   5 |  905.8 |
        Temple |     38 |      2 |     36 |      0 |      0 |   1 |   38.0 |
               +--------+--------+--------+--------+--------+-----+--------+

Top non-repeatable levels by time:
     D:1: 1115 daAuts
     D:4: 1092 daAuts
     D:2: 875 daAuts
     D:3: 793 daAuts
     D:5: 652 daAuts
  Temple: 38 daAuts
